Workbook

Sheet Calculator
A1: LOAN EXTRA-PAYMENT CALCULATOR
A2: One loan, one monthly extra. Type in the cream cells below — the totals update the moment you do, and the Schedule tab shows the month-by-month math behind them.
A4: YOUR LOAN | D4: THE ANSWER
A5: Loan name | B5: Hatchback auto loan | D5: Payoff month — payment only | E5: =IF(SUMPRODUCT(--(Schedule!$F$2:$F$361>0.005))>=360,"Not within 30 years",SUMPRODUCT(--(Schedule!$F$2:$F$361>0.005))+1)
A6: Balance | B6: 9800 | D6: Payoff date — payment only | E6: =IF(ISNUMBER($E$5),EDATE($B$12,$E$5-1),"—")
A7: APR | B7: 0.074 | D7: Payoff month — with your extra | E7: =IF(SUMPRODUCT(--(Schedule!$J$2:$J$361>0.005))>=360,"Not within 30 years",SUMPRODUCT(--(Schedule!$J$2:$J$361>0.005))+1)
A8: Monthly payment (leave blank to compute from months left) | B8: 359 | D8: Payoff date — with your extra | E8: =IF(ISNUMBER($E$7),EDATE($B$12,$E$7-1),"—")
A9: Months left (used only if payment is blank) | B9: 30 | D9: Total interest — payment only | E9: =SUM(Schedule!$D$2:$D$361)
A10: Monthly extra | B10: 100 | D10: Total interest — with your extra | E10: =SUM(Schedule!$H$2:$H$361)
A11: Extra starts in month # (1 = next payment) | B11: 1 | D11: Interest saved | E11: =$E$9-$E$10
A12: Next payment date (month 1) | B12: 46388 | D12: Months saved | E12: =IF(AND(ISNUMBER($E$5),ISNUMBER($E$7)),$E$5-$E$7,"—")
A13: Payment used each month (computed if left blank) | B13: =IF(N($B$8)>0,$B$8,IF(N($B$9)>0,PMT($B$7/12,$B$9,-$B$6),0)) | D13: Total extra paid | E13: =SUMPRODUCT(Schedule!$I$2:$I$361-($B$13+Schedule!$G$2:$G$361+Schedule!$H$2:$H$361-ABS($B$13-Schedule!$G$2:$G$361-Schedule!$H$2:$H$361))/2)
A14: =IF($B$6<=0,"",IF($B$13<$B$6*$B$7/12,"Warning — this payment doesn't cover the first month's interest, so on the payment alone this loan never pays off.","This payment covers the first month's interest — see the Schedule tab for the month-by-month payoff."))
A16: =IF(AND(ISNUMBER($E$12),N($B$10)>0),"Paying "&TEXT($B$10,"$#,##0")&" extra a month clears this loan "&$E$12&" months sooner and saves "&TEXT($E$11,"$#,##0")&" in interest.","Add a monthly extra above to see how much sooner this loan is paid off.")

Sheet Schedule
A1: Month | B1: Date | C1: Balance at start (payment only) | D1: Interest (payment only) | E1: Payment (payment only) | F1: Balance at end (payment only) | G1: Balance at start (with extra) | H1: Interest (with extra) | I1: Payment incl. extra | J1: Balance at end (with extra)
A2: 1 | B2: =EDATE(Calculator!$B$12,A2-1) | C2: =Calculator!$B$6 | D2: =C2*Calculator!$B$7/12 | E2: =MIN(C2+D2,Calculator!$B$13) | F2: =C2+D2-E2 | G2: =Calculator!$B$6 | H2: =G2*Calculator!$B$7/12 | I2: =MIN(G2+H2,Calculator!$B$13+IF(A2>=Calculator!$B$11,Calculator!$B$10,0)) | J2: =G2+H2-I2
A3: 2 | B3: =EDATE(Calculator!$B$12,A3-1) | C3: =F2 | D3: =C3*Calculator!$B$7/12 | E3: =MIN(C3+D3,Calculator!$B$13) | F3: =C3+D3-E3 | G3: =J2 | H3: =G3*Calculator!$B$7/12 | I3: =MIN(G3+H3,Calculator!$B$13+IF(A3>=Calculator!$B$11,Calculator!$B$10,0)) | J3: =G3+H3-I3
A4: 3 | B4: =EDATE(Calculator!$B$12,A4-1) | C4: =F3 | D4: =C4*Calculator!$B$7/12 | E4: =MIN(C4+D4,Calculator!$B$13) | F4: =C4+D4-E4 | G4: =J3 | H4: =G4*Calculator!$B$7/12 | I4: =MIN(G4+H4,Calculator!$B$13+IF(A4>=Calculator!$B$11,Calculator!$B$10,0)) | J4: =G4+H4-I4
A5: 4 | B5: =EDATE(Calculator!$B$12,A5-1) | C5: =F4 | D5: =C5*Calculator!$B$7/12 | E5: =MIN(C5+D5,Calculator!$B$13) | F5: =C5+D5-E5 | G5: =J4 | H5: =G5*Calculator!$B$7/12 | I5: =MIN(G5+H5,Calculator!$B$13+IF(A5>=Calculator!$B$11,Calculator!$B$10,0)) | J5: =G5+H5-I5
A6: 5 | B6: =EDATE(Calculator!$B$12,A6-1) | C6: =F5 | D6: =C6*Calculator!$B$7/12 | E6: =MIN(C6+D6,Calculator!$B$13) | F6: =C6+D6-E6 | G6: =J5 | H6: =G6*Calculator!$B$7/12 | I6: =MIN(G6+H6,Calculator!$B$13+IF(A6>=Calculator!$B$11,Calculator!$B$10,0)) | J6: =G6+H6-I6
A7: 6 | B7: =EDATE(Calculator!$B$12,A7-1) | C7: =F6 | D7: =C7*Calculator!$B$7/12 | E7: =MIN(C7+D7,Calculator!$B$13) | F7: =C7+D7-E7 | G7: =J6 | H7: =G7*Calculator!$B$7/12 | I7: =MIN(G7+H7,Calculator!$B$13+IF(A7>=Calculator!$B$11,Calculator!$B$10,0)) | J7: =G7+H7-I7
A8: 7 | B8: =EDATE(Calculator!$B$12,A8-1) | C8: =F7 | D8: =C8*Calculator!$B$7/12 | E8: =MIN(C8+D8,Calculator!$B$13) | F8: =C8+D8-E8 | G8: =J7 | H8: =G8*Calculator!$B$7/12 | I8: =MIN(G8+H8,Calculator!$B$13+IF(A8>=Calculator!$B$11,Calculator!$B$10,0)) | J8: =G8+H8-I8
A9: 8 | B9: =EDATE(Calculator!$B$12,A9-1) | C9: =F8 | D9: =C9*Calculator!$B$7/12 | E9: =MIN(C9+D9,Calculator!$B$13) | F9: =C9+D9-E9 | G9: =J8 | H9: =G9*Calculator!$B$7/12 | I9: =MIN(G9+H9,Calculator!$B$13+IF(A9>=Calculator!$B$11,Calculator!$B$10,0)) | J9: =G9+H9-I9
A10: 9 | B10: =EDATE(Calculator!$B$12,A10-1) | C10: =F9 | D10: =C10*Calculator!$B$7/12 | E10: =MIN(C10+D10,Calculator!$B$13) | F10: =C10+D10-E10 | G10: =J9 | H10: =G10*Calculator!$B$7/12 | I10: =MIN(G10+H10,Calculator!$B$13+IF(A10>=Calculator!$B$11,Calculator!$B$10,0)) | J10: =G10+H10-I10
A11: 10 | B11: =EDATE(Calculator!$B$12,A11-1) | C11: =F10 | D11: =C11*Calculator!$B$7/12 | E11: =MIN(C11+D11,Calculator!$B$13) | F11: =C11+D11-E11 | G11: =J10 | H11: =G11*Calculator!$B$7/12 | I11: =MIN(G11+H11,Calculator!$B$13+IF(A11>=Calculator!$B$11,Calculator!$B$10,0)) | J11: =G11+H11-I11
A12: 11 | B12: =EDATE(Calculator!$B$12,A12-1) | C12: =F11 | D12: =C12*Calculator!$B$7/12 | E12: =MIN(C12+D12,Calculator!$B$13) | F12: =C12+D12-E12 | G12: =J11 | H12: =G12*Calculator!$B$7/12 | I12: =MIN(G12+H12,Calculator!$B$13+IF(A12>=Calculator!$B$11,Calculator!$B$10,0)) | J12: =G12+H12-I12
A13: 12 | B13: =EDATE(Calculator!$B$12,A13-1) | C13: =F12 | D13: =C13*Calculator!$B$7/12 | E13: =MIN(C13+D13,Calculator!$B$13) | F13: =C13+D13-E13 | G13: =J12 | H13: =G13*Calculator!$B$7/12 | I13: =MIN(G13+H13,Calculator!$B$13+IF(A13>=Calculator!$B$11,Calculator!$B$10,0)) | J13: =G13+H13-I13
A14: 13 | B14: =EDATE(Calculator!$B$12,A14-1) | C14: =F13 | D14: =C14*Calculator!$B$7/12 | E14: =MIN(C14+D14,Calculator!$B$13) | F14: =C14+D14-E14 | G14: =J13 | H14: =G14*Calculator!$B$7/12 | I14: =MIN(G14+H14,Calculator!$B$13+IF(A14>=Calculator!$B$11,Calculator!$B$10,0)) | J14: =G14+H14-I14
... A361: 360 | B361: =EDATE(Calculator!$B$12,A361-1) | C361: =F360 | D361: =C361*Calculator!$B$7/12 | E361: =MIN(C361+D361,Calculator!$B$13) | F361: =C361+D361-E361 | G361: =J360 | H361: =G361*Calculator!$B$7/12 | I361: =MIN(G361+H361,Calculator!$B$13+IF(A361>=Calculator!$B$11,Calculator!$B$10,0)) | J361: =G361+H361-I361

Sheet Read Me
B1: LOAN EXTRA-PAYMENT CALCULATOR (FREE)
B2: A free, one-loan taste of Loan Payoff Calculator — Extra Payments.
B4: Type your loan's balance, APR and payment (or the months left, if you leave the payment blank) on the Calculator tab, add a monthly extra and the month it starts, and the results update instantly: when the loan is paid off with and without the extra, the interest you skip, and how many months sooner you finish. The Schedule tab shows the full month-by-month math behind both answers — nothing to type there.
B6: What the full workbook adds
B7: Up to eight loans in one file; one-time payments on the months they arrive (a refund, a bonus); payments every two weeks; 0% promo plans and the interest that lands if the promo balance isn't cleared; three repayment orders compared month by month with the freed-up payment rolled forward; and whether the same money would do better in savings after tax.
B9: Get it at ardentworkshop.com/products/loan-payoff-calculator-extra-payments/.
B10: See the whole shelf at ardentworkshop.com.
B12: How to use it
B13: 1. Read your latest statement for this loan's balance, APR and payment.
B14: 2. On the Calculator tab, replace the sample numbers in the cream cells with yours.
B15: 3. Set a monthly extra and the month it starts — or leave the extra at 0 to see the payment-only payoff first.
B16: 4. Read the results on the right; the Schedule tab shows the month-by-month numbers behind them.
... B24: © Ardent Workshop LLC. Free to use; please don't resell or redistribute.
